 Dungeon Crawl Stone Soup version 0.30-a0-824-g6c64550be9 (webtiles) character file.

Game seed: 13753702958756389157

130 domi the Sneak (level 4, 0/24 HPs)
             Began as a Vampire Enchanter on Feb 27, 2023.
             Slain by a necrophage (3 damage)
             ... on level 4 of the Dungeon.
             The game lasted 00:03:23 (2256 turns).

domi the Sneak (Vampire Enchanter)                  Turns: 2256, Time: 00:03:24

Health: 0/24       AC:  2    Str:  7    XL:     4   Next: 90%
Magic:  7/7        EV: 12    Int: 19    God:
Gold:   155        SH:  0    Dex: 14    Spells: 5/7 levels left

rFire   . . .      SeeInvis +    k - +1 short sword (speed)
rCold   + + .      Faith    .    (no shield)
rNeg    + + +      Spirit   .    b - +0 robe
rPois   ∞          Reflect  .    (no helmet)
rElec   .          Harm     .    (no cloak)
rCorr   .          Rampage  .    (no gloves)
Will    .....                    (no boots)
Stlth   +++++                    (no amulet)
HPRegen 0.00/turn                j - ring of positive energy {rN+}
MPRegen 0.10/turn                (no ring)

@: bloodless, inhibited regen
A: bloodless, fangs 3, see invisible, vampiric 2
a: Bat Form, Revivify


You were on level 4 of the Dungeon.
You visited 1 branch of the dungeon, and saw 4 of its levels.

You collected 155 gold pieces.

Inventory:

Hand Weapons
 a - a +1 dagger
 k - a +1 short sword of speed (weapon)
   (You took it off a kobold on level 1 of the Dungeon)
Armour
 b - a +0 robe (worn)
 i - a +0 pair of gloves
   (You found it on level 1 of the Dungeon)
Jewellery
 j - a ring of positive energy (left hand) {rN+}
   (You found it on level 1 of the Dungeon)
 n - a ring of fire {rF+, rC-}
   (You found it on level 1 of the Dungeon)
 s - a ring of resist corrosion
   (You found it on level 3 of the Dungeon)
Scrolls
 d - 4 scrolls of identify {unknown}
 g - a scroll of torment {unknown}
 h - a scroll of fog {unknown}
 l - 2 scrolls of blinking {unknown}
 m - a scroll of amnesia {unknown}
 o - 4 scrolls of magic mapping {unknown}
 r - a scroll of teleportation {unknown}
 t - a scroll of noise {unknown}
Potions
 e - a potion of might {unknown}
 f - 3 potions of brilliance {unknown}
 p - a potion of cancellation {unknown}
 q - a potion of flight {unknown}
 u - a potion of degeneration {unknown}
 v - a potion of heal wounds {unknown}


   Skills:
 + Level 2.7 Short Blades
 - Level 2.1 Dodging
 + Level 6.0 Stealth
 - Level 2.0 Spellcasting
 + Level 5.8 Hexes
 + Level 1.5 Ice Magic


You had 5 spell levels left.
You knew the following spells:

 Your Spells              Type           Power      Damage    Failure   Level
z - Ensorcelled Hibernat  Hex/Ice        30%        N/A       6%          2

Your spell library contained the following spells:

 Spells                   Type           Power      Damage    Failure   Level
 Confusing Touch          Hex            23%        N/A       4%          3
 Tukima's Dance           Hex            23%        N/A       4%          3
 Dazzling Flash           Conj/Hex       24%        N/A       16%         3
 Magic Dart               Conj           4%         1d3       17%         1
 Call Imp                 Summ           1%         N/A       26%         2
 Mephitic Cloud           Conj/Pois/Air  1%         N/A       45%         3
 Stone Arrow              Conj/Erth      2%         3d7       45%         3
 Animate Armour           Summ/Erth      2%         N/A       86%         4
 Lehudib's Crystal Spear  Conj/Erth      0%         10d2      100%        8


Dungeon Overview and Level Annotations

Branches:
Dungeon (4/15)
 Temple: D:4-7

Altars:


Innate Abilities, Weirdness & Mutations

You do not regenerate when monsters are visible.
You are frail without blood (-20% HP).
You can heal yourself when you bite living creatures.
You are immune to poison.
You have razor-sharp teeth.
You have supernaturally acute eyesight. (SInv)
You are afflicted with vampirism and can become a bat while bloodless.


Message History

You kill the gnoll!
The gnoll bouda gazes fiercely through you!
You feel your attacks grow feeble.
Your Ice Magic skill increases to level 1!
The gnoll bouda barks out a call to the hunt!
The gnolls pick up the pace!
The gnoll hits you with a +0 flail. The gnoll barely misses you.
You climb upwards.
There is a stone staircase leading down here.
The gnoll barely misses you.
Your attacks no longer feel as feeble.
There is an open door here.
You barely miss the gnoll. You bite the gnoll. You barely miss the gnoll.
The gnoll closely misses you.
You barely miss the gnoll. The gnoll barely misses you.
You closely miss the gnoll. You closely miss the gnoll.
The gnoll hits you with a +0 flail.
You barely miss the gnoll. You bite the gnoll, but do no damage.
You hit the gnoll. You bite the gnoll. The gnoll misses you.
The gnoll hits you with a +0 flail! The gnoll attacks as you move away!
The gnoll misses you. The gnoll hits you with a +0 club.
The gnoll attacks as you move away! The gnoll closely misses you. x2
The gnoll attacks as you move away! The gnoll hits you with a +0 club.
* * * LOW HITPOINT WARNING * * *
You fade into invisibility!
The gnoll hits you with a +0 club.
* * * LOW HITPOINT WARNING * * *
You barely miss the gnoll.
You hit the gnoll bouda but do no damage.
You catch the helpless gnoll bouda completely off-guard!
You puncture the gnoll bouda!
You hit the gnoll bouda but do no damage.
You closely miss the gnoll bouda. You bite the gnoll bouda.
The gnoll is no longer moving quickly.
The gnoll bouda hits you with a +0 whip.
* * * LOW HITPOINT WARNING * * *
You catch the helpless gnoll bouda completely off-guard!
You puncture the gnoll bouda!
You kill the gnoll bouda!
You catch the helpless gnoll completely off-guard!
You puncture the gnoll!
The gnoll is no longer moving quickly.
You strike the helpless gnoll from behind!
You puncture the gnoll!
You kill the gnoll!
You barely miss the gnoll. You bite the gnoll.
You catch the helpless gnoll completely off-guard!
You puncture the gnoll!
You kill the gnoll!
Your Stealth skill increases to level 6!
Items here: ))) [ ††.
You start resting.
You flicker for a moment.
You start resting.
You flicker back into view.
You start resting.
Done exploring.
Done exploring.
Done exploring.
Done exploring.
Done exploring.
(D) Dungeon
Where to? (Enter - D:4, ? - help)
There is a stone staircase leading down here.
You climb downwards.
There is a stone staircase leading up here.
You now have 155 gold pieces (gained 19).
You open the door.
There is an open door here.
You see here a +0 club.
A necrophage comes into view.
A necrophage is nearby!
A necrophage is nearby!
You begin bloodletting.
You continue bloodletting. x5
You become bloodless.
A ball python comes into view.
A giant cockroach comes into view.
You hit the necrophage. The necrophage hits you.
You hit the necrophage but do no damage.
You closely miss the necrophage. The necrophage closely misses you.
You closely miss the necrophage.
You bite the necrophage, but do no damage.
You hit the necrophage. The necrophage hits you.
You barely miss the necrophage. You closely miss the necrophage.
The necrophage hits you.
You barely miss the necrophage. You barely miss the necrophage.
The necrophage barely misses you.
You hit the necrophage.
You bite the necrophage, but do no damage.
You closely miss the necrophage. Your bite misses the necrophage.
The necrophage hits you.
You hit the necrophage.
You hit the necrophage but do no damage.
The necrophage completely misses you.
You hit the necrophage but do no damage.
The giant cockroach waves its antennae.
You hit the necrophage. The necrophage hits you.
* * * LOW HITPOINT WARNING * * *
You hit the necrophage. The necrophage hits you.
You die...

##### #S..# ... ... #B#
#n# #@# ##.## #...##
##+## #....# ##...##
#...## ##.....## ###.#
##.).....## ##..#
#..<......####...#####
+.........'.)..........


You could see a necrophage, a giant cockroach and a ball python (asleep).

Vanquished Creatures
  A gnoll bouda (D:3)
  3 gnolls
  2 dart slugs (D:1)
  An orc (D:3)
  5 endoplasms
  A giant cockroach (D:1)
  7 goblins
  3 hobgoblins (D:1)
  9 jackals
  5 kobolds
  3 quokkas
  8 ball pythons
  4 bats
  A frilled lizard (D:2)
  4 rats
57 creatures vanquished.

Vanquished Creatures (others)
  A dart slug (D:1)
  An endoplasm (D:1)
  A rat (D:1)
3 creatures vanquished.

Grand Total: 60 creatures vanquished

Notes
Turn   | Place    | Note
-------+----------+-------------------------------------------
     0 | D:1      | domi the Vampire Enchanter began the quest for the Orb.
     0 | D:1      | Reached XP level 1. HP: 13/13 MP: 3/3
   121 | D:1      | Reached XP level 2. HP: 14/19 MP: 5/5
   140 | D:1      | Reached skill level 5 in Stealth
   206 | D:1      | HP: 4/19 [ball python (2)]
   210 | D:1      | Reached skill level 2 in Short Blades
   210 | D:1      | Reached skill level 5 in Hexes
   251 | D:1      | Learned a level 2 spell: Ensorcelled Hibernation
   352 | D:1      | Gained mutation: You are afflicted with vampirism and can
                  | become a bat while bloodless. [Vampire growth]
   352 | D:1      | Reached XP level 3. HP: 20/24 MP: 6/6
  1651 | D:3      | Reached XP level 4. HP: 27/30 MP: 7/7
  2118 | D:4      | Reached skill level 1 in Ice Magic
  2138 | D:3      | HP: 7/30 [gnoll/+0 club[a gnoll bouda] (2)]
  2143 | D:3      | HP: 5/30 [gnoll bouda/+0 whip (4)]
  2149 | D:3      | Reached skill level 6 in Stealth
  2230 | D:4      | Noticed a necrophage
  2255 | D:4      | HP: 3/24 [necrophage (6)]
  2256 | D:4      | Slain by a necrophage

Illustrated notes

Levels and vault maps discovered:
D:1:      dpeg_arrival_more_subterranean_lakeside_camping, layout_rooms
D:2:      layout_basic, minmay_surrounded
D:3:      layout_basic, serial_curves, eino_curves_03, eino_curves_03
D:4:      layout_loops_corners

Skill      XL: |  1  2  3  4 |
---------------+-------------+-----
Stealth        | 5 6 |  6.0
Short Blades   | 2 |  2.7
Hexes          | 5 |  5.8
Ice Magic      | 1 |  1.5
Dodging        | |  2.1
Spellcasting   | |  2.0

Action                     |  1- 3 |  4- 6 || total
---------------------------+-------+-------++-------
  Melee: Dagger            |    89 |       ||    89
         Bite              |    11 |     9 ||    20
         Punch             |     3 |       ||     3
         Short sword       |    93 |    42 ||   135
   Cast: Ensorcelled Hiber |     3 |       ||     3
Ability: Exsanguinate      |       |     1 ||     1
    Use: Potion            |     1 |     1 ||     2
   Stab: Sleeping          |    10 |     1 ||    11
         Invisible         |     2 |     5 ||     7
 Armour: Robe              |    20 |       ||    20
  Dodge: Dodged            |   106 |    14 ||   120

Table legend: (Time is in decaauts)
 A = Elapsed time spent in this place.
 B = Non-inter-level travel time spent in this place.
 C = Inter-level travel time spent in this place.
 D = Time resting spent in this place.
 E = Time spent auto-exploring this place.
 F = Levels seen in this place.
 G = Mean time per level.
                   A        B        C        D        E       F      G
               +--------+--------+--------+--------+--------+-----+--------+
         Total |   2185 |   2084 |    101 |     90 |   1592 |   4 |  546.2 |
       Dungeon |   2185 |   2084 |    101 |     90 |   1592 |   4 |  546.2 |
               +--------+--------+--------+--------+--------+-----+--------+

Top non-repeatable levels by time:
     D:2: 780 daAuts
     D:1: 706 daAuts
     D:3: 656 daAuts
     D:4: 42 daAuts

Table legend:
 A = Kills in this place as a percentage of kills in entire the game.
 B = Kills by you in this place as a percentage of kills by you in the entire game.
 C = Kills by friends in this place as a percentage of kills by friends in the entire game.
 D = Other kills in this place as a percentage of other kills in the entire game.
 E = Experience gained in this place as a percentage of experience gained in the entire game.
 F = Experience gained in this place divided by the number of levels of this place that you have seen.
                   A       B       C       D       E      F
               +-------+-------+-------+-------+-------+----------------------
         Total | 100.0 | 100.0 |   N/A | 100.0 | 100.0 |  46.8
       Dungeon | 100.0 | 100.0 |   N/A | 100.0 | 100.0 |  46.8
               +-------+-------+-------+-------+-------+----------------------
